 Dungeon Crawl Stone Soup version 0.20-b1-18-gaa2fd62 (webtiles) character file.

1850 Gorglomux the Martial Artist (level 9, -4/47 HPs)
             Began as a Vine Stalker Transmuter on May 24, 2017.
             Was a Follower of Ru.
             Shot with a bolt by an orc warrior (21 damage)
             ... in a bailey.
             The game lasted 00:15:02 (7059 turns).

Gorglomux the Martial Artist (VSTm)                 Turns: 7059, Time: 00:15:03

Health: -4/47      AC:  9    Str: 13    XL:     9   Next: 12%
Magic:  0/13       EV: 13    Int: 16    God:    Ru [*.....]
Gold:   139        SH:  0    Dex: 15    Spells: 4/12 levels left

rFire    . . .     SeeInvis +   Q - +0 arbalest
rCold    + . .     Gourm    .   (shield currently unavailable)
rNeg     . . .     Faith    .   o - +0 acid dragon scales
rPois    .         Spirit   +   D - +0 helmet
rElec    .         Reflect  .   (no cloak)
rCorr    +         Harm     .   K - +0 pair of gloves
MR       +....                  t - +0 pair of boots
Stlth    +.........             (no amulet)
Regen    0.6/turn               r - ring of see invisible {sInv, !d}
MPRegen  0.2/turn               l - ring of protection from cold {rC+, !d}

@: no status effects
A: fangs 3, regeneration 1, magic shield, antimagic bite, no potion heal 3, rot
immunity, inability to train armour
a: Renounce Religion


You were in a bailey.
You worshipped Ru.
Ru was aware of your devotion.
You were hungry.

You visited 2 branches of the dungeon, and saw 8 of its levels.
You also visited: Bailey.

You collected 337 gold pieces.
You spent 198 gold pieces at shops.

Inventory:

Hand Weapons
 Q - a +0 arbalest (weapon)
   (You took it off an orc in a bailey)
Missiles
 a - 110 arrows
 R - 58 bolts (quivered)
Armour
 o - +0 acid dragon scales (worn)
   (You found it on level 3 of the Dungeon)
 t - a +0 pair of boots (worn)
   (You found it on level 3 of the Dungeon)
 x - a cursed +0 buckler
   (You found it on level 4 of the Dungeon)
 D - a +0 helmet (worn)
   (You found it on level 5 of the Dungeon)
 K - a +0 pair of gloves (worn)
   (You found it on level 6 of the Dungeon)
Jewellery
 k - an uncursed ring of fire {rF+, rC-}
   (You found it on level 2 of the Dungeon)
 l - a ring of protection from cold (right hand) {rC+, !d}
   (You found it on level 2 of the Dungeon)
 r - a ring of see invisible (left hand) {sInv, !d}
   (You found it on level 3 of the Dungeon)
 M - an uncursed amulet of guardian spirit {Spirit}
   (You found it on level 7 of the Dungeon)
Wands
 y - a wand of polymorph (18/24)
   (You found it on level 4 of the Dungeon)
 E - a wand of scattershot (7/9)
   (You found it on level 5 of the Dungeon)
 J - a wand of paralysis (0/24)
   (You took it off a crimson imp on level 6 of the Dungeon)
 P - a wand of disintegration (8/24)
   (You found it on level 7 of the Dungeon)
Scrolls
 e - 2 scrolls of random uselessness {unknown}
 g - 2 scrolls of teleportation {unknown}
 h - 2 scrolls of noise {unknown}
 i - 2 scrolls of identify
 m - a scroll of fog {unknown}
 q - 2 scrolls of magic mapping {unknown}
 u - 3 scrolls of remove curse
 B - 2 scrolls of recharging {unknown}
 C - 2 scrolls of fear {unknown}
Potions
 b - a potion of brilliance
 f - 2 potions of might
 j - 5 potions of lignification {!q}
 n - a potion of flight {unknown}
 p - 5 potions of curing
 v - 3 potions of degeneration {!q}
 z - 3 potions of heal wounds
 A - a potion of mutation {unknown}
 L - 2 potions of invisibility
 N - a potion of haste {unknown}
 O - a potion of agility
Books
 c - a book of Changes
 w - a book of Minor Magic
   (You found it on level 4 of the Dungeon)
 I - a book of Clouds
   (You found it on level 7 of the Dungeon)
Comestibles
 d - 5 bread rations {@e1}
 s - 6 royal jellies
 G - a fruit
 H - a meat ration {@e2}


   Skills:
 + Level 5.0 Fighting
 + Level 3.3 Dodging
 * Level 8.4 Unarmed Combat
 - Level 2.1 Spellcasting
 * Level 5.5 Transmutations


You had 4 spell levels left.
You knew the following spells:

 Your Spells              Type           Power        Failure   Level  Hunger
a - Beastly Appendage     Tmut           ###...       3%          1    #......
b - Blink                 Tloc           N/A          41%         2    ###....
c - Spider Form           Tmut/Pois      ##........   28%         3    ###....
s - Sticks to Snakes      Tmut           ###.....     4%          2    ###....


Dungeon Overview and Level Annotations

Branches:
Dungeon (7/15)             Temple (1/1) D:4

Altars:
Ashenzari
Cheibriados
Elyvilon
Fedhas
Gozag
Kikubaaqudgha
Okawaru
Qazlal
Ru
Sif Muna
Trog
Uskayaw
Vehumet
Xom
Yredelemnul
Zin
The Shining One

Shops:
D:6 *

Annotations:
D:6 exclusion: oklob plant


Innate Abilities, Weirdness & Mutations

You have razor-sharp teeth.
Your natural rate of healing is unusually fast.
When hurt, damage is shared between your health and your magic reserves.
Your bite disrupts and absorbs the magic of your enemies.
Potions cannot restore your health.
You are immune to rotting.
You cannot train Armour skill.


Message History

The orc shoots a bolt.
The bolt closely misses you.
You see here a bolt.
Items here: ( ) [ † an arbalest; 10 bolts; a ring mail; an orc corpse You enter the shallow water.
Moving in this stuff is going to be slow.
The orc shoots a bolt.
The bolt hits you.
You see here a bolt.
The orc shoots a bolt.
The bolt hits you!
You see here a bolt.
You enter the shallow water.
Moving in this stuff is going to be slow.
The orc shoots a bolt.
The bolt closely misses you.
The orc shoots a bolt.
The bolt barely misses you.
You hear a splash.
The orc shoots a bolt.
The bolt barely misses you.
You hear a splash.
You see here a bolt.
You see here a bolt.
You redirect the orc's attack!
The orc shoots a bolt.
The bolt hits the orc.
The orc shoots a bolt.
The bolt completely misses you.
The orc shouts!
The orc shoots a bolt.
The bolt misses you.
You see here a bolt.
The orc warrior shouts!
The orc unwields an uncursed arbalest.
The orc closely misses you.
You barely miss the orc. You bite the orc, but do no damage.
You barely miss the orc. Your bite misses the orc.
The orc hits you but does no damage.
The orc warrior shoots a bolt.
The bolt hits you!
You hit the orc. The orc hits you but does no damage.
You barely miss the orc.
The orc warrior shoots a bolt.
The bolt hits you. The orc closely misses you.
You barely miss the orc. You bite the orc. You drain its power.
You feel invigorated.
You kill the orc!
The orc warrior shoots a bolt.
The bolt barely misses you.
Things that are here:
an uncursed arbalest; a ring mail; an orc corpse
Q - an uncursed arbalest The orc warrior shoots a bolt.
The bolt hits you!
You see here 2 bolts.
R - 2 bolts The orc warrior shoots a bolt.
The bolt misses you.
The orc is stunned by your will and fails to attack.
The orc warrior shoots a bolt.
The bolt barely misses you.
You see here 2 bolts.
You are feeling hungry.
R - 3 bolts (gained 1)
R - 4 bolts (gained 1)
You enter the shallow water.
Moving in this stuff is going to be slow.
R - 5 bolts (gained 1)
R - 6 bolts (gained 1) All of the chunks of flesh in your inventory have rotted away.
R - 29 bolts (gained 23)
Things that are here:
an arbalest; a scale mail
R - 31 bolts (gained 2)
Things that are here:
an arbalest; a scale mail
R - 32 bolts (gained 1)
R - 33 bolts (gained 1)
R - 34 bolts (gained 1)
R - 35 bolts (gained 1)
R - 36 bolts (gained 1)
R - 37 bolts (gained 1)
R - 47 bolts (gained 10)
Things that are here:
an arbalest; a ring mail; an orc corpse
R - 48 bolts (gained 1)
R - 49 bolts (gained 1)
R - 50 bolts (gained 1)
R - 52 bolts (gained 2)
You enter the shallow water.
Moving in this stuff is going to be slow.
R - 53 bolts (gained 1)
You enter the shallow water.
Moving in this stuff is going to be slow.
R - 54 bolts (gained 1)
R - 55 bolts (gained 1)
R - 57 bolts (gained 2)
R - 58 bolts (gained 1)
Things that are here:
a ring mail; an orc corpse
R - 59 bolts (gained 1)
Found a gate leading back out of this place.
Wield which item (- for none, * to show all)? (? for menu, Esc to quit)
Q - a +0 arbalest (weapon)
An orc warrior comes into view. It is wielding an arbalest.
Aim: an orc warrior, wielding an arbalest and wearing a scale mail (hasn't noticed you)
You shoot a bolt. The orc warrior shouts!
The bolt hits the orc warrior!!
The orc warrior shoots a bolt.
The bolt hits you!!
The orc warrior shoots a bolt.
The bolt hits you!
* * * LOW HITPOINT WARNING * * *
Unknown command.
The orc warrior shoots a bolt.
The bolt hits you!!
You die...

≈≈≈≈≈≈≈≈≈.. ..≈......#
≈≈≈≈≈≈≈≈≈##.##≈...o..#
≈≈≈≈≈≈≈≈≈≈#.#≈≈......#
≈≈≈≈≈≈≈≈≈≈≈≈≈≈≈.....(#
.....................#
....[................#
.....................#
.....................#
................@....#
....................∩#
######################


You could see an orc warrior.

Vanquished Creatures
  An orc warrior (D:6)
  A phantom (D:7)
  An ice beast (D:6)
  An ogre (D:5)
  The ghost of MTVSty1e the Chopper, an amateur DsGl of Okawaru (D:3)
  4 centaurs
  A gnoll sergeant (D:6)
  2 bullfrogs
  A wyvern zombie (D:7)
  2 scorpions
  A jelly (D:5)
  4 crimson imps
  A bullfrog skeleton (D:7)
  A hound (D:7)
  An orc priest (D:7)
  3 orc wizards
  2 worker ants
  3 iguanas
  6 adders
  7 gnolls (D:6)
  A howler monkey skeleton (D:5)
  An ooze (D:1)
  An adder zombie (D:6)
  5 worms
  3 dart slugs
  2 leopard geckos
  20 orcs
  16 bats
  8 giant cockroaches
  11 goblins
  11 hobgoblins
  7 jackals
  4 kobolds
  3 quokkas
  2 ball pythons (D:3)
  6 frilled lizards
  A quokka skeleton (D:4)
  6 rats
152 creatures vanquished.

Vanquished Creatures (collateral kills)
  A bullfrog (D:6)
  An adder (D:2)
  2 orcs (D:5)
4 creatures vanquished.

Vanquished Creatures (others)
  An orc (Bailey)
1 creature vanquished.

Grand Total: 157 creatures vanquished

Notes
Turn   | Place    | Note
-------+----------+-------------------------------------------
     0 | D:1      | Gorglomux the Vine Stalker Transmuter began the quest for the Orb.
     0 | D:1      | Reached XP level 1. HP: 9/9 MP: 4/4
    15 | D:1      | Reached skill level 1 in Fighting
   213 | D:1      | Reached XP level 2. HP: 10/14 MP: 6/6
   506 | D:1      | HP: 1/14 [worm (7)]
   879 | D:1      | Learned a level 2 spell: Sticks to Snakes
  1077 | D:1      | HP: 3/14 [kobold (2)]
  1087 | D:1      | HP: 3/14 [bat (1)]
  1092 | D:1      | HP: 2/14 [bat (1)]
  1658 | D:1      | Reached XP level 3. HP: 18/18 MP: 5/7
  2118 | D:1      | Reached skill level 4 in Unarmed Combat
  2328 | D:1      | Learned a level 3 spell: Spider Form
  2482 | D:2      | Gained mutation: Your natural rate of healing is unusually fast. [Vine Stalker growth]
  2482 | D:2      | Reached XP level 4. HP: 23/23 MP: 8/8
  2503 | D:2      | Reached skill level 2 in Fighting
  2847 | D:3      | Found a faded altar of an unknown god.
  2967 | D:3      | Noticed MTVSty1e's ghost (amateur DsGl)
  3032 | D:3      | Found a glowing golden altar of the Shining One.
  3124 | D:3      | Found a glowing silver altar of Zin.
  3223 | D:3      | Found a white marble altar of Elyvilon.
  3320 | D:3      | Killed MTVSty1e's ghost
  3320 | D:3      | Reached skill level 5 in Unarmed Combat
  3320 | D:3      | Reached XP level 5. HP: 19/28 MP: 6/9
  3578 | D:4      | Found a staircase to the Ecumenical Temple.
  3596 | Temple   | Entered the Ecumenical Temple
  3705 | Temple   | Became a worshipper of Ru the Awakened
  3735 | D:4      | Reached skill level 3 in Fighting
  3735 | D:4      | Reached XP level 6. HP: 28/32 MP: 7/10
  3857 | D:4      | Learned a level 2 spell: Blink
  4074 | D:4      | Found a bloodstained altar of Trog.
  4320 | D:4      | Reached skill level 6 in Unarmed Combat
  4536 | D:5      | Entered Level 5 of the Dungeon
  4561 | D:5      | Reached XP level 7. HP: 21/36 MP: 3/11
  4665 | D:5      | Found an ancient bone altar of Kikubaaqudgha.
  4958 | D:5      | Reached skill level 2 in Dodging
  5050 | D:5      | Found a shattered altar of Ashenzari.
  5330 | D:5      | Reached skill level 4 in Fighting
  5330 | D:5      | Reached skill level 7 in Unarmed Combat
  5330 | D:5      | Reached skill level 3 in Transmutations
  5369 | D:6      | Found a basalt altar of Yredelemnul.
  5410 | D:6      | Gained mutation: You have razor-sharp teeth. [Vine Stalker growth]
  5410 | D:6      | Reached XP level 8. HP: 32/42 MP: 12/12
  5594 | D:6      | Paralysed by a crimson imp for 7 turns
  5610 | D:6      | Reached skill level 4 in Transmutations
  5675 | D:6      | Found Suetagip's General Store.
  5700 | D:6      | Bought a potion of lignification for 33 gold pieces
  5700 | D:6      | Bought a scroll of remove curse for 33 gold pieces
  5700 | D:6      | Bought a potion of brilliance for 44 gold pieces
  5700 | D:6      | Bought a potion of invisibility for 88 gold pieces
  5803 | D:6      | Found a glowing silver altar of Zin.
  5803 | D:6      | Noticed an oklob plant
  5960 | D:6      | Found an iron altar of Okawaru.
  5988 | D:6      | Gained mutation: You cannot train Armour skill. [Ru sacrifice]
  5988 | D:6      | Reached * piety under Ru
  6046 | D:7      | Reached skill level 8 in Unarmed Combat
  6050 | D:7      | Reached skill level 3 in Dodging
  6109 | D:7      | Reached skill level 5 in Transmutations
  6284 | D:7      | Reached XP level 9. HP: 46/46 MP: 13/13
  6695 | D:7      | Found a flagged portal.
  6710 | D:7      | Reached skill level 5 in Fighting
  6766 | Bailey   | Entered a bailey
  7059 | Bailey   | Shot with a bolt by an orc warrior

Skill      XL: |  1  2  3  4  5  6  7  8  9 |
---------------+----------------------------+-----
Fighting       | 1 2 3 4 5 |  5.0
Unarmed Combat | 4 5 6 7 8 |  8.4
Dodging        | 2 3 |  3.3
Transmutations | 3 5 |  5.5
Spellcasting   | |  2.1

Action                   |  1- 3 |  4- 6 |  7- 9 || total
-------------------------+-------+-------+-------++-------
Melee: Unarmed           |   121 |   194 |   252 ||   567
       Bite              |    31 |    45 |    63 ||   139
       Headbutt          |     3 |     7 |     2 ||    12
       Kick              |     5 |     1 |       ||     6
       Punch             |     2 |     8 |     6 ||    16
 Fire: Arbalest          |       |       |     1 ||     1
 Cast: Beastly Appendage |     8 |     3 |     1 ||    12
       Sticks to Snakes  |     1 |     3 |     4 ||     8
       Spider Form       |       |       |     6 ||     6
Invok: Sacrifice Durabil |       |       |     1 ||     1
  Use: Scroll            |       |       |     7 ||     7
 Stab: Sleeping          |     2 |     2 |       ||     4
       Distracted        |       |       |     1 ||     1
  Eat: Chunk             |     5 |     7 |     9 ||    21
Armor: Robe              |    31 |     6 |       ||    37
       Acid dragon scale |       |    77 |    64 ||   141
       Skin              |       |       |     1 ||     1
Dodge: Dodged            |   100 |   118 |   198 ||   416

Vault maps used:
D:1:      doesnt_arrival_eight_statues, hangedman_decor_diamond_cutter
D:2:      minmay_pentomino_o2
D:3:      lemuel_crystal_altar, marbit_many_paths,
          nicolae_overflow_crystal_walls, chequers_ecumenical_altar_island,
          kennysheep_another_room, corexii_corridor_pit, grunt_ministairs_3
D:4:      kennysheep_mini, minmay_temple_entry_junction
D:5:      lemuel_crystal_altar, nicolae_overflow_hidden_temple, first_bread
D:6:      okawaru_altar_gauntlet_db, yredelemnul_altar_generic, serial_shops,
          shop, lemuel_oklob_altar
D:7:      enter_bailey_3
Temple:   nicolae_temple_figure_zero
Bailey:   bailey_polearm_2, bailey

Table legend:
 A = Turns spent in this place as a percentage of turns spent in the entire game.
 B = Non-inter-level travel turns spent in this place as a percentage of non-inter-level travel turns spent in the entire game.
 C = Inter-level travel turns spent in this place as a percentage of turns spent in this place.
 D = Turns resting spent in this place as a percentage of non-inter-level travel turns spent in this place.
 E = Turns spent auto-exploring this place as a percentage of non-inter-level travel turns spent in this place.
 F = Non-inter-level travel turns spent in this place divided by the number of levels of this place that you've seen.
                   A       B       C       D       E      F
               +-------+-------+-------+-------+-------+----------------------
         Total | 100.0 | 100.0 |   0.4 |   2.3 |   8.6 | 268.9
       Dungeon |  92.6 |  92.6 |   0.4 |   2.2 |   8.6 | 320.1
        Temple |   0.7 |   0.7 |   5.9 |   0.0 |  81.2 |  16.0
        Bailey |   6.7 |   6.7 |   0.0 |   3.7 |   1.8 | 163.0
               +-------+-------+-------+-------+-------+----------------------

Table legend:
 A = Kills in this place as a percentage of kills in entire the game.
 B = Kills by you in this place as a percentage of kills by you in the entire game.
 C = Kills by friends in this place as a percentage of kills by friends in the entire game.
 D = Other kills in this place as a percentage of other kills in the entire game.
 E = Experience gained in this place as a percentage of experience gained in the entire game.
 F = Experience gained in this place divided by the number of levels of this place that you have seen.
                   A       B       C       D       E      F
               +-------+-------+-------+-------+-------+----------------------
         Total | 100.0 | 100.0 | 100.0 |  -nan | 100.0 | 293.7
       Dungeon |  98.1 |  98.0 | 100.0 |  -nan |  99.7 | 376.6
        Bailey |   1.9 |   2.0 |   0.0 |  -nan |   0.3 |   7.0
               +-------+-------+-------+-------+-------+----------------------
